 Dungeon Crawl Stone Soup version 0.21.1-1-g345015fe64 (webtiles) character file.

97335 KleinerIrrer the Peltast (level 16, -2/127 HPs)
             Began as a Formicid Fighter on Mar 16, 2018.
             Was a High Priest of the Shining One.
             Slain by a death yak (9 damage)
             ... led by Polyphemus
             ... on level 3 of the Shoals.
             The game lasted 01:49:17 (33950 turns).

KleinerIrrer the Peltast (Formicid Fighter)        Turns: 33950, Time: 01:49:19

Health: -2/127     AC: 24    Str: 28    XL:     16   Next: 69%
Magic:  18/34      EV:  2    Int:  7    God:    the Shining One [*****.]
Gold:   2651       SH:  0    Dex:  7    Spells: 15/15 levels left

rFire    . . .     SeeInvis +   T - +12 flail of Lemowo {protect, rN+ Str+2 Int-5}
rCold    + + .     Gourm    .   c - +0 shield
rNeg     + + +     Faith    .   k - +9 plate armour {ponderous}
rPois    ∞         Spirit   .   (helmet unavailable)
rElec    +         Reflect  +   (no cloak)
rCorr    +         Harm     .   (no gloves)
MR       +....                  (no boots)
Stlth    ..........             M - +3 amulet of reflection
HPRegen  0.31/turn              i - ring of Tavysec {rPois rN+ MP+9 Int+2 Dex-3}
MPRegen  0.24/turn              U - ring of ice

@: divine shield, resistant, petrified, held, glowing, slow
A: permanent stasis, dig shafts and tunnels, four strong arms, antennae 3
a: Dig, Shaft Self, Divine Shield, Cleansing Flame, Summon Divine Warrior,
Renounce Religion


You were on level 3 of the Shoals.
You worshipped the Shining One.
The Shining One was extremely pleased with you.
You were hungry.

You visited 5 branches of the dungeon, and saw 27 of its levels.
You also visited: Labyrinth, Sewer and Ossuary.

You collected 2848 gold pieces.
You spent 197 gold pieces at shops.

Inventory:

Hand Weapons
 o - a +1 battleaxe of freezing
 E - a +2 battleaxe of freezing
 T - the +12 flail of Lemowo (weapon) {protect, rN+ Str+2 Int-5}
   (You found it on level 1 of the Lair of Beasts)

   It protects the one who uses it against injury (+AC on strike).
   It affects your strength (+2).
   It affects your intelligence (-5).
   It protects you from negative energy.
Armour
 c - a +0 shield (worn)
 k - a +9 plate armour of ponderousness (worn)
 l - the +8 ring mail of Insecurity {+Inv}
   (You found it on level 2 of the Shoals)

   It lets you turn invisible.
 n - the +5 chain mail of Incorporation {rPois rN+ Dex+2}
   (You found it in a labyrinth)

   It affects your dexterity (+2).
   It protects you from poison.
   It protects you from negative energy.
Jewellery
 i - the ring of Tavysec (left hand) {rPois rN+ MP+9 Int+2 Dex-3}
   (You found it on level 2 of the Shoals)

   [ring of magical power]

   It affects your intelligence (+2).
   It affects your dexterity (-3).
   It protects you from poison.
   It protects you from negative energy.
   It affects your magic capacity (+9).
 j - an uncursed ring of protection from fire
 s - an uncursed ring of poison resistance
 L - an uncursed ring of protection from fire
 M - a +3 amulet of reflection (around neck)
 U - a ring of ice (right hand)
 W - an uncursed ring of resist corrosion
Wands
 b - a wand of flame (33)
Scrolls
 a - 4 scrolls of magic mapping
 d - a scroll of amnesia
 e - 11 scrolls of remove curse
 m - 2 scrolls of summoning
 p - a scroll of identify
 r - a scroll of fog
 A - 2 scrolls of silence
 G - a scroll of holy word
 V - 2 scrolls of fear
Potions
 h - 3 potions of agility
 q - 2 potions of resistance
 t - 2 potions of lignification
 v - 3 potions of heal wounds
 z - 2 potions of curing
 B - 3 potions of magic
 C - 4 potions of flight
 D - 2 potions of might
 H - 5 potions of brilliance
 X - a potion of mutation
Comestibles
 f - 31 rations
 g - 6 chunks of flesh


   Skills:
 + Level 12.0 Fighting
 * Level 13.5 Axes
 + Level 12.3 Armour
 - Level 9.0 Dodging
 - Level 0.3 Stealth
 + Level 16.6 Shields
 - Level 12.0 Invocations
 * Level 2.5 Evocations


You had 15 spell levels left.
You didn't know any spells.

Dungeon Overview and Level Annotations

Branches:
Dungeon (15/15)            Temple (1/1) D:4            Lair (6/6) D:8
 Shoals (3/4) Lair:2        Snake (0/4) Lair:4        Slime (0/5) Lair:6
    Orc (2/2) D:11            Elf (0/3) Orc:2        Vaults (0/5) D:14
 Depths (0/5) D:15

Altars:
Ashenzari
Cheibriados
Dithmenos
Elyvilon
Fedhas
Gozag
Kikubaaqudgha
Makhleb
Nemelex Xobeh
Okawaru
Qazlal
Ru
Trog
Vehumet
Xom
Yredelemnul
The Shining One
Beogh
Jiyva

Shops:
D:4 (   D:13 %   D:15 *

Annotations:
D:12 exclusion: 2 oklob plants
Shoals:3 Polyphemus


Innate Abilities, Weirdness & Mutations

You cannot be hasted, slowed, berserked, paralysed or teleported.
You can dig through walls and to a lower floor.
Your four strong arms can wield two-handed weapons with a shield.
You have a pair of large antennae on your head. (SInv)


Message History

The merfolk hits you from afar with a trident!
* * * LOW HITPOINT WARNING * * *
The snapping turtle bites you!
* * * LOW HITPOINT WARNING * * *
You are engulfed in calcifying dust.
The merfolk stops moving altogether!
The death yak gores you but does no damage.
The merfolk is engulfed in calcifying dust.
Your daeva calls down the wrath of the Shining One upon Polyphemus.
Polyphemus is smitten.
The catoblepas gores you!
* * * LOW HITPOINT WARNING * * *
Your daeva hits the snapping turtle with a scimitar of holy wrath.
Your daeva hits the snapping turtle but does no damage.
The death yak gores your daeva!!
The merfolk is engulfed in calcifying dust.
The snapping turtle bites you but does no damage.
The merfolk hits you from afar with a trident.
* * * LOW HITPOINT WARNING * * *
You are engulfed in calcifying dust.
The plant is no longer petrified.
The death yak gores you!!
You die...

P≈≈≈#P≈≈#≈(..≈≈≈≈≈≈≈≈≈≈
#≈≈#≈##≈#≈≈(.≈≈≈≈≈≈≈≈≈≈≈
#≈≈≈≈≈≈≈##.#...≈≈≈≈≈≈≈≈≈
≈≈≈....≈≈###≈..(.≈≈≈≈≈≈≈..
#P≈..≈..≈≈#≈P.P(..≈≈≈≈≈≈...
##P≈≈≈≈[≈##≈≈.PY(...≈≈≈≈≈..
###≈≈≈###≈≈.(m(mY..≈≈≈≈≈≈.
#####≈≈≈...(YCYY..≈≈≈...
≈≈≈P.P.P†t@A##.≈≈....
≈≈≈P....A<.§.P.≈≈≈≈..
≈≈≈≈≈PPPP..Pm..P≈≈≈..
≈≈≈P≈≈PPP#.^.>.≈≈≈≈≈≈
≈≈≈≈≈PPP###....≈≈..≈≈
≈≈≈≈≈≈≈.# #...≈≈..≈≈≈
≈≈≈≈≈≈≈.##..≈≈≈≈≈≈≈≈≈
≈≈≈≈≈≈....≈≈≈≈≈≈≈≈≈≈
≈≈≈≈≈≈≈≈≈≈≈≈≈≈≈≈≈≈≈


You could see Polyphemus (petrified), 4 death yaks, a catoblepas, a snapping
turtle, 3 merfolk and 2 friendly daevas.

Vanquished Creatures
  Frances (Shoals:2)
  A kraken (Shoals:1)
  Aizul (Lair:2)
  The ghost of zx48k the Spear-Bearer, a journeyman DrFi of Okawaru (D:14)
  An ettin (Orc:2)
  A minotaur (Lab)
  Snorg (Lair:4)
  7 hydras
  A catoblepas (Lair:5)
  Harold (D:10)
  3 merfolk avatars
  A centaur warrior (D:15)
  A merfolk aquamancer (Shoals:1)
  7 two-headed ogres
  A satyr (Shoals:2)
  Urug (D:11)
  Sonja (Lair:3)
  A skeletal warrior (D:15)
  4 sea snakes
  A spark wasp zombie (D:15)
  A golden dragon zombie (D:15)
  4 unseen horrors
  3 harpies (Shoals:2)
  3 necromancers
  A deep elf mage (D:12)
  An orc knight (Orc:2)
  A fire giant zombie (D:15)
  6 manticores
  2 orc sorcerers
  3 fauns
  8 cyclopes
  3 merfolk sirens (Shoals:1)
  21 spiny frogs
  8 black mambas
  A spriggan zombie (D:15)
  2 gargoyles
  A rime drake (Lair:5)
  2 centaur skeletons
  3 kobold demonologists
  4 komodo dragons
  A tengu conjurer (D:10)
  5 trolls
  4 tyrant leeches (Lair:6)
  9 merfolk
  2 meliai (D:15)
  3 wind drakes
  A wolf spider simulacrum (D:15)
  A hornet (D:11)
  A polar bear (Lair:5)
  3 snapping turtles (Shoals:1)
  6 dream sheep
  13 blink frogs
  19 slime creatures
  8 hippogriffs
  3 shadows
  4 wyverns
  A wraith (D:15)
  11 yaks
  A spriggan (Lair:6)
  6 water elementals
  3 basilisks
  Grum (D:10)
  17 vampire mosquitoes
  5 hungry ghosts
  2 nagas (Lair:4)
  A soldier ant (D:12)
  An acid dragon (D:15)
  A warg (Orc:1)
  2 hell hounds (D:8)
  10 water moccasins
  5 porcupines
  Purgy (Sewer)
  17 orc warriors
  2 sky beasts
  An ice beast (D:15)
  3 boggarts (D:15)
  11 ogres
  A necrophage (D:12)
  A phantom (D:11)
  15 wolves
  9 centaurs
  9 crocodiles
  4 big kobolds
  28 bullfrogs
  A gnoll sergeant (D:10)
  A wyvern zombie (D:8)
  2 elf zombies (Ossuary)
  A wyvern skeleton (D:12)
  4 scorpions
  11 killer bees
  10 wights
  3 howler monkeys
  2 electric eels
  A spectral bullfrog (D:12)
  6 crimson imps
  2 bullfrog zombies
  2 human zombies (Ossuary)
  2 quasits
  5 centaur zombies
  4 hounds
  3 jellies
  A gnoll shaman (D:4)
  20 orc priests
  2 bullfrog skeletons
  5 iguanas
  24 orc wizards
  17 worker ants
  A killer bee zombie (D:7)
  A hound zombie (Ossuary)
  4 mummies (Ossuary)
  A worker ant zombie (D:8)
  19 gnolls
  16 adders
  3 shadow imps
  An ooze (D:1)
  3 adder skeletons
  3 adder zombies
  2 worms
  3 dart slugs
  4 leopard geckos
  74 orcs
  5 ball pythons
  3 giant cockroaches
  3 gnoll zombies (Ossuary)
  12 goblins
  8 hobgoblins
  19 jackals
  14 kobolds
  4 quokkas
  9 bats
  14 frilled lizards
  A kobold zombie (Ossuary)
  An orc zombie (Ossuary)
  A quokka zombie (D:10)
  9 rats
  A rat zombie (Ossuary)
  A plant (Lair:2)
  4 tentacles (Shoals:1)
740 creatures vanquished.

Vanquished Creatures (collateral kills)
  Rupert (D:13)
  A frost giant (Shoals:3)
  An ogre mage (D:15)
  2 two-headed ogres (D:15)
  A vampire mage (D:15)
  A skeletal warrior (D:15)
  4 harpies (Shoals:2)
  A manticore (D:15)
  2 cyclopes (Shoals:3)
  A merfolk (Shoals:2)
  A meliai (D:15)
  A snapping turtle (Shoals:3)
17 creatures vanquished.

Vanquished Creatures (others)
  3 fauns
  A cyclops (Orc:1)
  An ice beast (D:10)
  An orc wizard (D:10)
  3 kobolds
  7 fungi (Lair:6)
  45 plants
  6 tentacles (Shoals:1)
  A withered plant (D:15)
68 creatures vanquished.

Grand Total: 825 creatures vanquished

Notes
Turn   | Place    | Note
-------+----------+-------------------------------------------
     0 | D:1      | KleinerIrrer the Formicid Fighter began the quest for the Orb.
     0 | D:1      | Reached XP level 1. HP: 18/18 MP: 1/1
    68 | D:1      | Reached XP level 2. HP: 23/24 MP: 2/2
   154 | D:1      | Reached skill level 4 in Shields
   204 | D:1      | Reached XP level 3. HP: 30/30 MP: 3/3
   908 | D:2      | Reached XP level 4. HP: 37/37 MP: 4/4
  1353 | D:3      | Reached XP level 5. HP: 42/42 MP: 5/5
  2055 | D:3      | Reached skill level 5 in Shields
  2055 | D:3      | Reached XP level 6. HP: 40/48 MP: 6/6
  2499 | D:4      | Reached skill level 1 in Dodging
  2581 | D:4      | Reached XP level 7. HP: 11/54 MP: 7/7
  2585 | D:4      | HP: 1/54 [howler monkey (5)]
  2999 | D:4      | Found a glowing drain.
  3004 | Sewer    | Entered a sewer
  3137 | Sewer    | Noticed Purgy
  3157 | Sewer    | Killed Purgy
  3550 | D:4      | Reached skill level 5 in Axes
  3550 | D:4      | Reached skill level 5 in Armour
  3585 | D:4      | Found Vorhacoe's Antique Weapon Emporium.
  3611 | D:4      | Reached skill level 6 in Shields
  3742 | D:4      | Found a staircase to the Ecumenical Temple.
  3746 | D:4      | Reached XP level 8. HP: 61/61 MP: 8/8
  3757 | Temple   | Entered the Ecumenical Temple
  3880 | Temple   | Became a worshipper of the Shining One
  4172 | D:5      | Entered Level 5 of the Dungeon
  4690 | D:5      | Reached skill level 5 in Fighting
  4761 | D:5      | Got a pitted hand axe
  4762 | D:5      | Identified the +1 hand axe of Beogh's Esteem {chop, *Slow +Blink rPois rN++} (You found it on level 5 of the Dungeon)
  5673 | D:6      | Reached XP level 9. HP: 68/68 MP: 9/9
  5730 | D:6      | Noticed an unseen horror
  5748 | D:6      | Killed an unseen horror
  5748 | D:6      | Reached skill level 7 in Shields
  5991 | D:6      | Reached * piety under the Shining One
  6287 | D:7      | Found a sand-covered staircase.
  6304 | Ossuary  | Entered an ossuary
  6316 | Ossuary  | Reached ** piety under the Shining One
  6741 | D:7      | Reached skill level 1 in Invocations
  6749 | D:7      | Reached XP level 10. HP: 37/76 MP: 9/11
  6929 | D:7      | Reached skill level 8 in Shields
  7313 | D:7      | Found a basalt altar of Yredelemnul.
  7732 | D:8      | Found a staircase to the Lair.
  7778 | D:8      | Reached *** piety under the Shining One
  8434 | D:8      | Identified the Tome of Calling and Transmutation
  8454 | D:8      | Reached **** piety under the Shining One
  9042 | D:9      | Found an opulent altar of Gozag.
  9255 | D:9      | Found a stormy altar of Qazlal.
  9602 | D:10     | Entered Level 10 of the Dungeon
  9614 | D:9      | Reached skill level 9 in Shields
  9637 | D:10     | Noticed Harold
  9832 | D:10     | Noticed Grum
 10207 | D:10     | Noticed a two-headed ogre
 10248 | D:10     | You fall through a shaft for 3 floors!
 10674 | D:13     | Reached XP level 11. HP: 83/83 MP: 14/14
 10831 | D:13     | Noticed Rupert
 10927 | D:11     | Found a stormy altar of Qazlal.
 10978 | D:11     | Reached skill level 10 in Axes
 11284 | D:11     | Reached skill level 5 in Invocations
 11681 | D:11     | Noticed Urug
 11694 | D:11     | Killed Urug
 11703 | D:11     | Found a roughly hewn altar of Beogh.
 11703 | D:11     | Found a staircase to the Orcish Mines.
 11736 | D:11     | Reached skill level 10 in Shields
 12068 | D:10     | Found a sacrificial altar of Ru.
 12271 | D:10     | Reached ***** piety under the Shining One
 12280 | D:10     | Killed Harold
 12378 | D:10     | Noticed an unseen horror
 12412 | D:10     | Killed an unseen horror
 12463 | D:10     | Killed Grum
 12492 | D:10     | Noticed an unseen horror
 12518 | D:10     | Killed an unseen horror
 12518 | D:10     | Reached XP level 12. HP: 50/92 MP: 16/16
 12599 | D:10     | You fall through a shaft for 2 floors!
 12876 | D:12     | Found a blossoming altar of Fedhas.
 13870 | D:10     | Killed a two-headed ogre
 14072 | Orc:1    | Entered Level 1 of the Orcish Mines
 14105 | Orc:1    | Reached skill level 5 in Dodging
 14635 | Orc:2    | Entered Level 2 of the Orcish Mines
 14761 | Orc:2    | Noticed a two-headed ogre
 14801 | Orc:2    | Killed a two-headed ogre
 14842 | Orc:2    | Noticed an ettin
 14855 | Orc:2    | Killed an ettin
 15357 | Orc:2    | Found a staircase to the Elven Halls.
 16031 | Lair:1   | Entered Level 1 of the Lair of Beasts
 16050 | Lair:1   | Reached skill level 11 in Shields
 16050 | Lair:1   | Reached XP level 13. HP: 95/99 MP: 19/19
 16118 | Lair:1   | Got a transparent flail
 16119 | Lair:1   | Identified the +12 flail of Lemowo {protect, rN+ Str+2 Int-5} (You found it on level 1 of the Lair of Beasts)
 16927 | Lair:2   | Found a staircase to the Shoals.
 17879 | Lair:3   | Found a labyrinth entrance.
 17899 | Lab      | Entered a labyrinth
 18054 | Lab      | Noticed a minotaur
 18060 | Lab      | Killed a minotaur
 18081 | Lab      | Got a slimy chain mail
 18109 | Lair:3   | Identified the +5 chain mail of Incorporation {rPois rN+ Dex+2} (You found it in a labyrinth)
 18225 | Lair:3   | Noticed Sonja
 18455 | Lair:3   | Killed Sonja
 19330 | Lair:4   | Reached skill level 12 in Shields
 19537 | Lair:4   | Found a staircase to the Snake Pit.
 19897 | Lair:4   | Noticed a six-headed hydra
 19910 | Lair:4   | Killed a six-headed hydra
 20570 | Lair:5   | Noticed Snorg
 20604 | Lair:4   | Killed Snorg
 20604 | Lair:4   | Reached skill level 10 in Armour
 21334 | Lair:5   | Noticed a catoblepas
 21381 | Lair:5   | Killed a catoblepas
 21481 | Lair:5   | Reached XP level 14. HP: 88/108 MP: 21/21
 22115 | Lair:6   | Entered Level 6 of the Lair of Beasts
 22135 | Lair:6   | Got an encrusted scale mail
 22403 | Lair:5   | Identified the +1 scale mail of Eternal Vigilance {rElec rC- Str+4 Dex+2} (You found it on level 6 of the Lair of Beasts)
 22555 | Lair:6   | Reached skill level 13 in Shields
 22834 | Lair:6   | Reached skill level 10 in Invocations
 22975 | Lair:6   | Reached skill level 10 in Fighting
 24119 | Lair:6   | Reached skill level 14 in Shields
 24413 | Lair:6   | Found a viscous altar of Jiyva.
 24413 | Lair:6   | Found a staircase to the Slime Pits.
 25751 | D:12     | Found a burning altar of Makhleb.
 26065 | D:12     | Reached XP level 15. HP: 117/117 MP: 23/23
 26180 | D:13     | Killed Rupert
 27047 | D:13     | Found Itsidiw's Food Emporium.
 27177 | D:14     | Noticed zx48k's ghost (journeyman DrFi)
 27415 | D:14     | Killed zx48k's ghost
 27840 | D:14     | Found a gate to the Vaults.
 28245 | D:15     | Entered Level 15 of the Dungeon
 28384 | D:15     | Reached ****** piety under the Shining One
 28460 | D:15     | Reached skill level 15 in Shields
 28760 | D:15     | Found a staircase to the Depths.
 28888 | D:15     | Found Noelets's Assorted Antiques.
 28903 | D:15     | Bought a scroll of identify for 68 gold pieces
 28903 | D:15     | Bought a scroll of identify for 68 gold pieces
 28903 | D:15     | Bought 2 fuming blue potions for 61 gold pieces
 28918 | D:15     | Found an iron altar of Okawaru.
 29311 | D:15     | Got a bloodstained hand axe {elec}
 29312 | D:15     | Identified the cursed +3 hand axe of Zipizam {elec, +Inv rPois rC+ Dex-4} (You took it off a boggart on level 15 of the Dungeon)
 29936 | Shoals:1 | Entered Level 1 of the Shoals
 29939 | Shoals:1 | Noticed Aizul
 29965 | Lair:2   | Killed Aizul
 30773 | Shoals:1 | Reached XP level 16. HP: 120/126 MP: 24/24
 30967 | Shoals:1 | Noticed a kraken
 30993 | Shoals:1 | Killed a kraken
 31802 | Shoals:2 | Reached skill level 16 in Shields
 32042 | Shoals:1 | Noticed a kraken
 32231 | Shoals:2 | Noticed Frances
 32380 | Shoals:2 | Killed Frances
 32417 | Shoals:2 | Reached skill level 1 in Evocations
 32687 | Shoals:2 | Got a glittering platinum ring
 32692 | Shoals:2 | Identified the ring of Tavysec {rPois rN+ MP+9 Int+2 Dex-3} (You found it on level 2 of the Shoals)
 32708 | Shoals:2 | Got a distressingly furry ring mail
 32730 | Shoals:2 | Identified the +8 ring mail of Insecurity {+Inv} (You found it on level 2 of the Shoals)
 33470 | Shoals:3 | Noticed a frost giant
 33491 | Shoals:3 | Killed a frost giant
 33920 | Shoals:3 | Noticed Polyphemus
 33950 | Shoals:3 | Slain by a death yak

Skill      XL: |  1  2  3  4  5  6  7  8  9 10 11 12 13 14 15 16 |
---------------+-------------------------------------------------+-----
Shields        | 4 5 6 7 9 10 11 12 14 15 16 | 16.6
Armour         | 4 5 6 7 8 9 10 11 12 | 12.3
Fighting       | 4 5 6 7 8 9 10 11 12 | 12.0
Axes           | 3 4 5 6 8 9 10 12 13 | 13.5
Dodging        | 1 2 3 4 5 7 8 9 |  9.0
Invocations    | 1 4 6 8 9 10 11 12 | 12.0
Evocations     | 2 |  2.5
Stealth        | |  0.3

Action                   |  1- 3 |  4- 6 |  7- 9 | 10-12 | 13-15 | 16-18 || total
-------------------------+-------+-------+-------+-------+-------+-------++-------
Melee: War axe           |    62 |       |       |       |       |       ||    62
       Hand axe          |    49 |   188 |   421 |   605 |       |       ||  1263
       Battleaxe         |       |       |       |   162 |       |       ||   162
       Flail             |       |       |       |       |  1186 |   289 ||  1475
Throw: Tomahawk          |       |       |       |       |     3 |       ||     3
Invok: Divine Shield     |       |       |       |     4 |    13 |     5 ||    22
       Summon Divine War |       |       |       |       |     4 |     5 ||     9
 Abil: Shaft Self        |       |       |       |     2 |       |       ||     2
Evoke: Wand              |       |       |       |       |       |     9 ||     9
  Use: Potion            |       |     2 |     2 |     7 |     2 |     2 ||    15
       Scroll            |       |       |     9 |    15 |    10 |       ||    34
  Eat: Chunk             |       |     6 |    10 |    25 |    18 |     8 ||    67
       Ration            |       |       |     1 |     3 |    11 |     1 ||    16
Armor: Scale mail        |    56 |    10 |       |       |       |       ||    66
       Ring mail         |       |    59 |    51 |       |       |       ||   110
       Chain mail        |       |       |    75 |   148 |       |       ||   223
       Plate armour      |       |       |       |    30 |   531 |   203 ||   764
Dodge: Dodged            |    32 |    54 |   135 |   165 |   352 |   142 ||   880
Block: Shield            |    54 |    82 |   199 |   487 |  1143 |   383 ||  2348
       Reflection        |       |       |       |    18 |    39 |    32 ||    89
